AoeStats
← Jinx

Pilgrims

509799019Analyzed
4v4 RM · 5d ago on Sep 28, 2026· 37m 12s· 8 players
Game mode
Random Map
Map size
Large (8 player)
Population
200
Speed
Normal
Resources
Standard
Victory
Conquest
Starting age
Dark Age
Ending age
Imperial Age
RankedLock teamsTeams togetherTeam positionsShared explorationLock speedFull tech treeHidden civsTurbo modeCheats
Victory
Defeat
🇨🇱 Malay · Chile
967
+16
🇺🇸 Varangians · United States
962
+16
🇵🇪 Japanese · Peru
956
+17
🇧🇷 Huns · Brazil
942
+17
🇨🇱 Huns · Chile
995
-18
🇨🇱 Danes · Chile
979
-17
🇨🇱 Italians · Chile
956
-16
🇨🇱 Turks · Chile
941
-15
PsicoDelico
4:22 Loom
13:48 Feudal Age
14:46 Double-Bit Axe
15:13 Loom
16:08 Fishing Lines
19:31 Gold Mining
19:59 Bloodlines
23:12 Castle Age
22:08 Forging
22:04 Scale Barding Armor
21:51 Fletching
23:48 Gillnets
24:57 Wheelbarrow
24:46 Husbandry
25:27 Gold Shaft Mining
25:23 Bow Saw
28:37 Iron Casting
28:22 Chain Barding Armor
28:52 Town Watch
29:24 Hand Cart
31:58 Imperial Age
29:46 Hand Cart
31:17 Ballistics
31:10 Masonry
33:58 Chemistry
32:21 Cavalier
33:52 Horse Collar
35:17 Blast Furnace
ItsBocchi
7:50 Loom
15:33 Feudal Age
15:39 Double-Bit Axe
16:44 Fishing Lines
19:50 Wheelbarrow
19:53 Man-at-Arms
24:14 Castle Age
22:02 Town Watch
22:15 Gold Mining
22:15 Stone Mining
24:36 Fletching
25:09 Gillnets
25:08 Long Swordsman
25:48 Squires
26:11 Bow Saw
26:28 Pikeman
29:00 Gold Shaft Mining
29:00 Stone Shaft Mining
31:27 Imperial Age
29:19 Thalassocracy
29:52 Hand Cart
29:37 Town Patrol
31:09 Forced Levy
31:30 Conscription
30:59 Two-Handed Swordsman
32:36 Heated Shot
32:57 Masonry
34:20 Halberdier
37:01 Forging
Causa rellena
10:03 Loom
21:03 Feudal Age
21:33 Double-Bit Axe
22:08 Fishing Lines
29:21 Castle Age
27:28 Gold Mining
30:44 Wheelbarrow
30:27 Bow Saw
30:23 Gillnets
31:10 Stone Mining
35:01 Fletching
35:11 Padded Archer Armor
35:12 Scale Mail Armor
35:22 Forging
35:19 Scale Barding Armor
35:43 Yasama
38:21 Imperial Age
36:04 Treadmill Crane
35:51 Crossbowman
Jinx
4:04 Loom
10:35 Feudal Age
11:30 Double-Bit Axe
13:28 Fishing Lines
14:56 Wheelbarrow
16:22 Town Watch
16:55 Fletching
19:25 Castle Age
18:40 Stone Mining
18:43 Gold Mining
20:27 Bow Saw
20:09 Gillnets
20:19 Bodkin Arrow
21:39 Murder Holes
24:40 Clinker Construction
25:19 Hand Cart
27:12 Scale Barding Armor
27:21 Forging
27:56 Stone Shaft Mining
27:04 Horse Collar
28:20 Heavy Plow
28:34 Arson
29:49 Iron Casting
29:35 Bloodlines
29:49 Husbandry
30:36 Ballistics
30:20 Squires
30:06 Gambesons
31:05 Treadmill Crane
31:37 Masonry
32:03 Chain Barding Armor
31:44 Scale Mail Armor
37:16 Imperial Age
felipe2204
28:05 Feudal Age
35:11 Castle Age
35:48 Stone Mining
MatiassCJ
11:31 Feudal Age
9:47 Loom
17:22 Castle Age
17:36 Double-Bit Axe
18:36 Bow Saw
20:36 Scale Barding Armor
20:46 Forging
20:28 Light Cavalry
21:33 Husbandry
21:56 Horse Collar
28:37 Gold Mining
30:48 Ballistics
30:44 Fletching
31:50 Bodkin Arrow
32:37 Padded Archer Armor
34:08 Iron Casting
AlpineXtrem
5:26 Loom
20:27 Feudal Age
25:53 Castle Age
24:43 Double-Bit Axe
27:41 Squires
28:23 Forging
28:14 Scale Mail Armor
33:33 Wheelbarrow
34:33 Iron Casting
36:15 Arson
F.Jeriax
15:48 Feudal Age
22:38 Castle Age
24:45 Loom
Connection lost

Rejoining the realm…

Still unreachable

The connection could not be restored.

Session expired

The server has moved on; the page needs a fresh start.